[Event "Titled Tuesday Blitz May 10 Early 2022"]
[White "Marin Ramirez, Gerardo"]
[Black "Chernomordik, Pavel"]
[WhiteFideId "3901068"]
[BlackFideId "2804530"]
[WhiteElo "1920"]
[BlackElo "2220"]
[Result "0-1"]
[Round "02"]
[TimeControl "180+1"]
[Date "2022.05.11"]
[WhiteClock "0:00:02"]
[BlackClock "0:01:26"]

1. d4 g6 2. Nf3 Bg7 3. c4 d6 4. Nc3 Nc6 5. h3 e5 6. dxe5 Nxe5 7. Nxe5 Bxe5 8. Qd3 Ne7 9. Bg5 c6 10. O-O-O h6 11. Be3 Nf5 12. g4 Nxe3 13. Qxe3 Qe7 14. f4 Bf6 15. Qxe7+ Kxe7 16. Ne4 Rd8 17. Bg2 Bg7 18. Bf3 Be6 19. b3 a5 20. Kc2 a4 21. Nc3 axb3+ 22. axb3 Ra3 23. Rd3 b5 24. Bxc6 bxc4 25. Nd5+ Bxd5 26. Rxd5 Ra2+ 27. Kb1 Ra1+ 0-1


[Site "https://www.chess.com"]

[Event "Titled Tuesday Blitz May 10 Early 2022"]
[White "Martic, Ivan"]
[Black "Zanette, Edgard Vinicius"]
[WhiteFideId "929301"]
[BlackFideId "2109263"]
[WhiteElo "2317"]
[BlackElo "2182"]
[Result "1-0"]
[Round "02"]
[TimeControl "180+1"]
[Date "2022.05.11"]
[WhiteClock "0:02:05"]
[BlackClock "0:01:01"]

1. e4 c5 2. Nf3 d6 3. d4 cxd4 4. Nxd4 Nf6 5. f3 e5 6. Nb3 d5 7. Bg5 d4 8. c3 Nc6 9. Bb5 dxc3 10. Qxd8+ Kxd8 11. Nxc3 h6 12. Bxf6+ gxf6 13. O-O-O+ Bd7 14. Nd5 Rc8 15. Kb1 Be7 16. Rd2 a6 17. Bxc6 bxc6 18. Nb6 Rc7 19. Rhd1 1-0


[Site "https://www.chess.com"]

[Event "Titled Tuesday Blitz May 10 Early 2022"]
[White "Martin Duque, Jesus"]
[Black "San, Thit Lwin"]
[WhiteFideId "2208954"]
[BlackFideId "13001272"]
[WhiteElo "2243"]
[BlackElo "2232"]
[Result "1-0"]
[Round "02"]
[TimeControl "180+1"]
[Date "2022.05.11"]
[WhiteClock "0:02:31"]
[BlackClock "0:00:01"]

1. Nf3 Nf6 2. b3 d5 3. Bb2 Bf5 4. d3 e6 5. Nbd2 c5 6. g3 Nc6 7. Ne5 Nxe5 8. Bxe5 Bd6 9. Bb2 O-O 10. Bg2 Rc8 11. e4 dxe4 12. dxe4 Bg4 13. f3 c4 14. Nxc4 Rxc4 15. bxc4 Nxe4 16. fxg4 Bb4+ 17. Ke2 Qb6 18. Bxe4 Rd8 1-0


[Site "https://www.chess.com"]

[Event "Titled Tuesday Blitz May 10 Early 2022"]
[White "Martin, Lewis"]
[Black "Wagner, Dinara"]
[WhiteFideId "410551"]
[BlackFideId "24157570"]
[WhiteElo "2145"]
[BlackElo "2216"]
[Result "0-1"]
[Round "02"]
[TimeControl "180+1"]
[Date "2022.05.11"]
[WhiteClock "0:00:11"]
[BlackClock "0:00:08"]

1. e4 c5 2. Nf3 d6 3. d4 cxd4 4. Nxd4 Nf6 5. Nc3 a6 6. Bg5 e6 7. f4 Be7 8. Qf3 Qc7 9. O-O-O b5 10. Bd3 Bb7 11. Rhe1 Nbd7 12. g4 h6 13. Qh3 b4 14. e5 dxe5 15. fxe5 Nxe5 16. Ne4 Nxd3+ 17. Rxd3 Nxe4 18. Bxe7 Qxe7 19. Rde3 O-O 20. Rxe4 Bxe4 21. Rxe4 Rac8 22. Kb1 Rfd8 23. b3 Qc5 24. Qe3 Qc3 25. Qxc3 Rxc3 26. Kb2 Rh3 27. Nc6 Rd6 28. Nxb4 Rxh2 29. a4 a5 30. Na2 Rc6 31. Nc3 f5 32. gxf5 exf5 33. Re5 f4 34. Rxa5 f3 35. Rf5 Rf6 36. Rxf6 gxf6 37. Ne4 Re2 38. Ng3 f2 39. a5 h5 40. a6 Re7 41. b4 h4 42. Nf1 Ra7 43. b5 Kf7 44. c4 Ke6 45. Kc3 Kd6 46. Kb4 Ra8 47. Ka5 Kc5 48. b6 Rd8 49. a7 Rd1 50. Ka6 Rxf1 51. a8=Q Ra1+ 52. Kb7 Rxa8 53. Kxa8 f1=Q 0-1


[Site "https://www.chess.com"]

[Event "Titled Tuesday Blitz May 10 Early 2022"]
[White "Martinez Alcantara, Jose Eduardo"]
[Black "Perez Gormaz, Matias"]
[WhiteFideId "3805662"]
[BlackFideId "3406342"]
[WhiteElo "2690"]
[BlackElo "2341"]
[Result "1-0"]
[Round "02"]
[TimeControl "180+1"]
[Date "2022.05.10"]
[WhiteClock "0:01:47"]
[BlackClock "0:00:41"]

1. e4 d5 2. exd5 Qxd5 3. Nf3 Qd8 4. d4 Bg4 5. Be2 Nf6 6. c3 e6 7. Qb3 Qc8 8. Bf4 Nbd7 9. Nbd2 Be7 10. h3 Bh5 11. O-O O-O 12. Nc4 Rd8 13. Rad1 a6 14. a4 b6 15. Rfe1 Qb7 16. Nce5 Nxe5 17. Nxe5 Bxe2 18. Rxe2 Rac8 19. Nxf7 Rd5 20. Ng5 Nh5 21. Nxe6 Kh8 22. Be5 Bf6 23. Rde1 Re8 24. Nxc7 1-0


[Site "https://www.chess.com"]

[Event "Titled Tuesday Blitz May 10 Early 2022"]
[White "Matinian, Nikita"]
[Black "Bintang, Rasyid A. Hidayat"]
[WhiteFideId "24129100"]
[BlackFideId "7105355"]
[WhiteElo "2422"]
[BlackElo "2443"]
[Result "1-0"]
[Round "02"]
[TimeControl "180+1"]
[Date "2022.05.11"]
[WhiteClock "0:02:07"]
[BlackClock "0:01:59"]

1. e4 d5 2. exd5 Nf6 3. d4 Nxd5 4. c4 Nb6 5. Nc3 e5 6. Be3 exd4 7. Qxd4 Qxd4 8. Bxd4 Nc6 9. Be3 Be6 10. c5 Nd5 11. Nxd5 Bxd5 12. O-O-O O-O-O 13. b3 b6 14. Nf3 bxc5 15. Ba6+ Kb8 16. Bb5 Be7 17. Rxd5 Rxd5 18. Bxc6 Rdd8 19. Ne5 Rhf8 20. Nd7+ 1-0


[Site "https://www.chess.com"]

[Event "Titled Tuesday Blitz May 10 Early 2022"]
[White "Matveeva, Olga"]
[Black "Zemlyanskii, Ivan"]
[WhiteFideId "24107018"]
[BlackFideId "24249971"]
[WhiteElo "2052"]
[BlackElo "1815"]
[Result "0-1"]
[Round "02"]
[TimeControl "180+1"]
[Date "2022.05.11"]
[WhiteClock "0:00:46"]
[BlackClock "0:00:59"]

1. d4 Nf6 2. c4 e6 3. g3 Bb4+ 4. Bd2 a5 5. Nf3 d5 6. Qc2 O-O 7. Bg2 c5 8. dxc5 d4 9. Bxb4 axb4 10. Nbd2 Nc6 11. Nb3 e5 12. O-O Qe7 13. e3 d3 14. Qd2 Rd8 15. Ng5 Bf5 16. e4 Bg6 17. f4 exf4 18. Rxf4 h6 19. Nh3 Ne5 20. Qxb4 d2 21. Nxd2 Nd3 22. Qc3 Qxc5+ 23. Kh1 Nxf4 24. Nxf4 Ng4 25. Bf3 Qf2 26. Bxg4 Rxd2 27. Ne2 Bxe4+ 0-1


[Site "https://www.chess.com"]

[Event "Titled Tuesday Blitz May 10 Early 2022"]
[White "Maximov, Dmitry"]
[Black "Zherebtsova, Alexandra"]
[WhiteFideId "14105659"]
[BlackFideId "24129518"]
[WhiteElo "2494"]
[BlackElo "2025"]
[Result "1-0"]
[Round "02"]
[TimeControl "180+1"]
[Date "2022.05.11"]
[WhiteClock "0:00:20"]
[BlackClock "0:00:13"]

1. e4 e5 2. Nf3 Nc6 3. Bb5 a6 4. Ba4 Nf6 5. O-O Be7 6. Re1 b5 7. Bb3 d6 8. c3 O-O 9. h3 Bb7 10. d3 h6 11. Nbd2 Re8 12. Nf1 Bf8 13. Ng3 g6 14. Nh2 Bg7 15. Qf3 Qe7 16. Ng4 Nxg4 17. Qxg4 Kh7 18. Bd2 Rf8 19. Rf1 Bc8 20. Qe2 Qh4 21. Bd5 Bd7 22. a4 Rab8 23. axb5 axb5 24. Ra6 Ne7 25. Bb3 f5 26. exf5 gxf5 27. Ra7 Rbc8 28. d4 f4 29. Qe4+ Kh8 30. dxe5 d5 31. Bxd5 Nxd5 32. Qxd5 fxg3 33. Qxd7 gxf2+ 34. Kh1 Rcd8 35. Qxc7 Qg3 36. Bxh6 Rg8 37. Bxg7+ Qxg7 38. Qxg7+ Rxg7 39. Rxg7 Kxg7 40. Rxf2 Rd1+ 41. Kh2 1-0


[Site "https://www.chess.com"]

[Event "Titled Tuesday Blitz May 10 Early 2022"]
[White "Melaugh, Shane"]
[Black "Rastbod, Ali"]
[WhiteFideId "2509580"]
[BlackFideId "12567477"]
[WhiteElo "1972"]
[BlackElo "2147"]
[Result "0-1"]
[Round "02"]
[TimeControl "180+1"]
[Date "2022.05.11"]
[WhiteClock "0:00:52"]
[BlackClock "0:01:39"]

1. c4 e5 2. Nc3 Nc6 3. Nf3 f5 4. g3 Nf6 5. Bg2 Bc5 6. O-O d6 7. e3 e4 8. Ne1 O-O 9. d4 Bb6 10. b4 Nxb4 11. Qb3 c5 12. Na4 Nc6 13. Ba3 cxd4 14. c5+ d5 15. cxb6 Re8 16. bxa7 d3 17. Bb4 Nxb4 18. Qxb4 Rxa7 19. Nb6 Be6 20. a4 Ng4 21. h3 Ne5 22. a5 Nc6 23. Qc5 d4 24. exd4 Qxd4 25. Qb5 Rd8 26. Bh1 Qxa1 27. Nxd3 Qxa5 28. Qxa5 Rxa5 29. Nf4 Bf7 30. Bg2 Ra2 31. h4 Ne5 32. Bh3 g6 33. h5 g5 34. Bxf5 gxf4 35. gxf4 Nf3+ 36. Kg2 Nh4+ 0-1


[Site "https://www.chess.com"]

[Event "Titled Tuesday Blitz May 10 Early 2022"]
[White "Meshkovs, Nikita"]
[Black "Ronka, Erik"]
[WhiteFideId "11602740"]
[BlackFideId "505080"]
[WhiteElo "2506"]
[BlackElo "2264"]
[Result "1-0"]
[Round "02"]
[TimeControl "180+1"]
[Date "2022.05.11"]
[WhiteClock "0:00:14"]
[BlackClock "0:00:04"]

1. d4 d5 2. c4 c6 3. Nf3 Nf6 4. Nc3 e6 5. e3 Nbd7 6. Qc2 Bd6 7. g4 h6 8. Bd2 dxc4 9. Bxc4 b5 10. Be2 Bb7 11. Rg1 Rc8 12. h4 c5 13. g5 cxd4 14. gxf6 dxc3 15. fxg7 Rg8 16. Bxc3 b4 17. Qh7 Ke7 18. Bd2 Nf6 19. Qxh6 Rc2 20. Nd4 Rxd2 21. Kxd2 Be5 22. Ke1 Bxd4 23. exd4 Qxd4 24. Qd2 Qxh4 25. Qe3 Ne4 26. Rc1 Bd5 27. Rc7+ Kf6 28. Qxa7 Nd6 29. Qe3 Nf5 30. Qa7 Rxg7 31. Rxg7 Kxg7 32. Rxf7+ Kg6 33. Rxf5 Kxf5 34. Qf7+ Ke5 35. Qc7+ Kf6 36. Qd8+ 1-0


[Site "https://www.chess.com"]

[Event "Titled Tuesday Blitz May 10 Early 2022"]
[White "Migot, Tangi"]
[Black "Petrova, Irina"]
[WhiteFideId "662445"]
[BlackFideId "14124122"]
[WhiteElo "2509"]
[BlackElo "1993"]
[Result "1-0"]
[Round "02"]
[TimeControl "180+1"]
[Date "2022.05.11"]
[WhiteClock "0:00:15"]
[BlackClock "0:00:02"]

1. Nf3 d6 2. g3 e5 3. d4 e4 4. Nfd2 f5 5. Bg2 Nf6 6. O-O g6 7. f3 exf3 8. Bxf3 Bg7 9. e4 Nc6 10. c3 O-O 11. Na3 fxe4 12. Nxe4 Nxe4 13. Bxe4 Bh3 14. Qb3+ Kh8 15. Rxf8+ Qxf8 16. Bf4 Re8 17. Qc2 Qe7 18. Bg2 Bxg2 19. Qxg2 Qe2 20. Rf1 Qxg2+ 21. Kxg2 Re2+ 22. Rf2 Rxf2+ 23. Kxf2 a6 24. Nc4 b5 25. Ne3 Ne7 26. Bg5 Nc8 27. Nd5 c6 28. Nb4 c5 29. dxc5 dxc5 30. Nxa6 Bf8 31. Be3 c4 32. Bc5 Bxc5+ 33. Nxc5 Kg7 34. Ke3 Kf6 35. a4 bxa4 36. Nxa4 Ke5 37. Nc5 Kd5 38. Nd7 h6 39. Nf6+ Ke5 40. Ng4+ Kd5 41. Nxh6 Nb6 42. Ng4 Na4 43. Kf4 Nxb2 44. Ne3+ Kc5 45. Kg5 Na4 46. Kxg6 Nxc3 47. h4 Ne4 48. h5 c3 49. h6 Kd4 50. Nc2+ Kd3 51. Na3 Nd6 52. h7 Nc4 53. Nxc4 c2 54. Ne5+ Ke4 55. h8=Q c1=Q 56. Qf6 Qg1 57. Qf4+ Kd5 58. Nf7 1-0


[Site "https://www.chess.com"]

[Event "Titled Tuesday Blitz May 10 Early 2022"]
[White "Mikhalsky, Vladimir"]
[Black "Vlassov, Nikolai"]
[WhiteFideId "14144352"]
[BlackFideId "4103360"]
[WhiteElo "2301"]
[BlackElo "2407"]
[Result "1-0"]
[Round "02"]
[TimeControl "180+1"]
[Date "2022.05.11"]
[WhiteClock "0:01:22"]
[BlackClock "0:00:59"]

1. c4 e5 2. Nc3 Nf6 3. g3 Bb4 4. Bg2 O-O 5. e4 Nc6 6. Nge2 a5 7. O-O d6 8. h3 h6 9. d3 Ne8 10. g4 Bd7 11. f4 exf4 12. Nxf4 Nd4 13. Be3 Bc5 14. Qe1 Ne6 15. Bxc5 dxc5 16. Rd1 Nd4 17. Nce2 c6 18. Nxd4 cxd4 19. e5 Nc7 20. Qe4 Ne6 21. Nxe6 Bxe6 22. Rf4 g5 23. Rf6 Kg7 24. Rdf1 Qb6 25. R1f2 Rad8 26. h4 gxh4 27. Qf4 Qb4 28. Qxh6+ Kg8 29. Qg5+ 1-0


[Site "https://www.chess.com"]

[Event "Titled Tuesday Blitz May 10 Early 2022"]
[White "Molina, Roberto Junio Brito"]
[Black "Khabinets, Ivan"]
[WhiteFideId "2109450"]
[BlackFideId "14115980"]
[WhiteElo "2432"]
[BlackElo "2114"]
[Result "0-1"]
[Round "02"]
[TimeControl "180+1"]
[Date "2022.05.11"]
[WhiteClock "0:00:02"]
[BlackClock "0:00:04"]

1. d4 d5 2. c4 e6 3. Nc3 a6 4. c5 Nc6 5. Nf3 e5 6. dxe5 d4 7. Ne4 Qd5 8. Qc2 Bf5 9. Nd6+ Bxd6 10. Qxf5 Bxc5 11. a3 Nge7 12. Qc2 Nxe5 13. Bf4 d3 14. Qd2 Nxf3+ 15. exf3 O-O-O 16. O-O-O Qc4+ 17. Kb1 Qb3 18. Bxd3 Bxa3 19. Qc1 Bd6 20. Bxd6 Rxd6 21. Bc4 Qb6 22. Rxd6 Qxd6 23. Bxf7 Rd8 24. Qc2 Qf4 25. Be6+ Kb8 26. Rd1 Rxd1+ 27. Qxd1 Nc6 28. g3 Qe5 29. Bd5 Nd4 30. Be4 g6 31. Qd3 c6 32. f4 Qc5 33. h4 a5 34. h5 gxh5 35. Bxh7 a4 36. Be4 Qb4 37. Qc3 Qb6 38. f5 Nb5 39. Qd3 a3 40. bxa3 Nxa3+ 41. Kc1 Qc5+ 42. Kd1 Nc4 43. Ke2 Ne5 44. Qd8+ Ka7 45. Qd2 Ng4 46. Qf4 Qc4+ 47. Ke1 Qc3+ 48. Kf1 Qd4 49. Kg2 b5 0-1


[Site "https://www.chess.com"]

[Event "Titled Tuesday Blitz May 10 Early 2022"]
[White "Morefield, Jason"]
[Black "Ovezdurdyyeva, Jemal"]
[WhiteFideId "30920825"]
[BlackFideId "14001888"]
[WhiteElo "2171"]
[BlackElo "1946"]
[Result "1-0"]
[Round "02"]
[TimeControl "180+1"]
[Date "2022.05.11"]
[WhiteClock "0:00:01"]
[BlackClock "0:00:12"]

1. d4 Nf6 2. c4 g6 3. Nc3 d5 4. Nf3 Bg7 5. Qb3 dxc4 6. Qxc4 O-O 7. e4 Bg4 8. Be2 Nc6 9. d5 Bxf3 10. gxf3 Ne5 11. Qb3 Rb8 12. f4 Ned7 13. e5 Ne8 14. Be3 b6 15. h4 Nc5 16. Qc4 f6 17. b4 fxe5 18. bxc5 exf4 19. Bd4 e5 20. d6+ Kh8 21. h5 g5 22. h6 Bf6 23. Nd5 exd4 24. Bh5 cxd6 25. c6 Nc7 26. Kf1 b5 27. Qb3 a5 28. Nxc7 Qxc7 29. Qd5 Rbc8 30. Bf3 Qb6 31. Re1 Qc5 32. Qe6 Rcd8 33. Bd5 d3 34. Kg2 g4 35. Rh5 f3+ 36. Kg3 d2 37. Rd1 Qc2 38. Bb3 Qg6 39. Rf5 Rde8 40. Rxf6 Rxf6 41. Qd5 Qf5 42. Qd4 Qc5 43. Qxf6# 1-0


[Site "https://www.chess.com"]

[Event "Titled Tuesday Blitz May 10 Early 2022"]
[White "Moskvin, Anatoly"]
[Black "Srihari L R"]
[WhiteFideId "24199990"]
[BlackFideId "46617116"]
[WhiteElo "2079"]
[BlackElo "2121"]
[Result "0-1"]
[Round "02"]
[TimeControl "180+1"]
[Date "2022.05.11"]
[WhiteClock "0:00:09"]
[BlackClock "0:01:52"]

1. e4 d6 2. d4 Nf6 3. Nc3 e5 4. Nge2 Be7 5. g3 O-O 6. Bg2 c6 7. a4 a5 8. O-O Qc7 9. h3 Re8 10. g4 Na6 11. Ng3 exd4 12. Qxd4 Nb4 13. Qd1 d5 14. exd5 Nfxd5 15. Nxd5 Nxd5 16. Re1 Be6 17. Ne2 Bc5 18. c3 Rad8 19. Nd4 Bxd4 20. Qxd4 Nb4 21. Bf4 Qc8 22. Qb6 Nc2 23. Qxa5 Nxa1 24. Rxa1 Bd5 25. Qc5 h5 26. gxh5 Bxg2 27. Kxg2 Rd5 28. Qc4 Rxh5 29. Rd1 Qxh3+ 0-1


[Site "https://www.chess.com"]

[Event "Titled Tuesday Blitz May 10 Early 2022"]
[White "Muradov, Soltan"]
[Black "Bilych, Olexiy"]
[WhiteFideId "14002108"]
[BlackFideId "14156504"]
[WhiteElo "1854"]
[BlackElo "2176"]
[Result "0-1"]
[Round "02"]
[TimeControl "180+1"]
[Date "2022.05.11"]
[WhiteClock "0:00:07"]
[BlackClock "0:00:42"]

1. d4 Nf6 2. Nf3 d5 3. c4 e6 4. Nc3 Bb4 5. Qb3 c5 6. e3 O-O 7. a3 Bxc3+ 8. Qxc3 cxd4 9. Nxd4 Nc6 10. Nxc6 bxc6 11. Be2 a5 12. b3 Ne4 13. Qc2 Qf6 14. O-O Qxa1 15. Bb2 Qxf1+ 16. Bxf1 Ba6 17. f3 Nf6 18. g4 a4 19. Bxf6 gxf6 20. Qb2 axb3 21. cxd5 Bxf1 22. Kxf1 Rab8 23. h4 cxd5 24. h5 h6 25. Kg2 Rfc8 26. Kg3 Rc2 27. Qxf6 b2 28. Qxh6 b1=Q 29. Qg5+ Kf8 30. Qh6+ Ke8 31. Qh8+ Kd7 0-1


[Site "https://www.chess.com"]

[Event "Titled Tuesday Blitz May 10 Early 2022"]
[White "Nagy, Gabor"]
[Black "Bachmann, Axel"]
[WhiteFideId "737119"]
[BlackFideId "3700488"]
[WhiteElo "2569"]
[BlackElo "2587"]
[Result "1-0"]
[Round "02"]
[TimeControl "180+1"]
[Date "2022.05.11"]
[WhiteClock "0:00:17"]
[BlackClock "0:00:02"]

1. d4 Nf6 2. Nf3 g6 3. Nbd2 Bg7 4. e4 d6 5. Bb5+ c6 6. Bd3 O-O 7. O-O Qc7 8. a4 b6 9. e5 dxe5 10. Nxe5 Nbd7 11. Ndc4 Nd5 12. Nxd7 Bxd7 13. c3 Rad8 14. Re1 Bc8 15. Qf3 c5 16. dxc5 Qxc5 17. Bf1 Ba6 18. Ne3 Bb7 19. Qg3 Nf6 20. a5 Ne4 21. Qh4 bxa5 22. Ng4 h5 23. Nh6+ Kh7 24. Ng4 f5 25. Be3 Qc7 26. f3 fxg4 27. fxe4 Bxe4 28. Bg5 Qb6+ 29. Kh1 Qxb2 30. Qg3 Rd2 31. Bxd2 Bc6 32. Rad1 Rf7 33. Bc1 Qxc3 34. Qxc3 Bxc3 35. Re6 Ba4 36. Rde1 Bxe1 37. Rxe1 Bb3 38. Kg1 a4 39. Bb2 e6 40. Rc1 Rd7 41. Bb5 Rd2 42. Rc7+ Kg8 43. Ba3 Rd1+ 44. Kf2 Ra1 45. Bd6 Ra2+ 46. Ke3 a3 47. Be8 Rb2 48. Bf7+ Kh7 49. Bxe6+ Kh6 50. Bf8+ Kg5 51. Be7+ Kh6 52. Kf4 g5+ 53. Bxg5+ Kg6 54. Bf5# 1-0


[Site "https://www.chess.com"]

[Event "Titled Tuesday Blitz May 10 Early 2022"]
[White "Namitbir Singh Walia"]
[Black "Padmini, Rout"]
[WhiteFideId "35071068"]
[BlackFideId "5029295"]
[WhiteElo "1565"]
[BlackElo "2181"]
[Result "0-1"]
[Round "02"]
[TimeControl "180+1"]
[Date "2022.05.11"]
[WhiteClock "0:00:02"]
[BlackClock "0:00:18"]

1. e4 c5 2. Nf3 Nc6 3. d4 cxd4 4. Nxd4 Nf6 5. Nc3 e5 6. Ndb5 d6 7. Bg5 a6 8. Na3 b5 9. Nd5 Be7 10. Bxf6 Bxf6 11. c3 O-O 12. Nc2 Rb8 13. a4 bxa4 14. Ncb4 Nxb4 15. Nxb4 Bb7 16. Qxa4 Qb6 17. Bd3 Ra8 18. O-O a5 19. Nc2 Qxb2 20. Ra3 Qb6 21. Rb3 Qc7 22. Rfb1 Bc6 23. Qa3 a4 24. Rb4 g6 25. Ne3 Rfb8 26. Nc4 Be7 27. Rxb8+ Rxb8 28. Rb4 Rxb4 29. cxb4 Bxe4 30. Bxe4 Qxc4 31. Bd3 Qd4 32. h3 d5 33. Bb5 e4 34. Qxa4 Bxb4 35. Qa8+ Kg7 36. Qb7 Qd1+ 37. Kh2 Bd6+ 38. g3 Qd2 39. Kg2 e3 0-1


[Site "https://www.chess.com"]

[Event "Titled Tuesday Blitz May 10 Early 2022"]
[White "Navalgund, Niranjan"]
[Black "Piliczewski, Bogusz"]
[WhiteFideId "5030854"]
[BlackFideId "1104144"]
[WhiteElo "2290"]
[BlackElo "1896"]
[Result "1-0"]
[Round "02"]
[TimeControl "180+1"]
[Date "2022.05.11"]
[WhiteClock "0:00:41"]
[BlackClock "0:00:46"]

1. e4 c6 2. Nc3 d5 3. Nf3 Bg4 4. h3 Bxf3 5. Qxf3 dxe4 6. Nxe4 e6 7. b3 Nd7 8. Bb2 Ngf6 9. O-O-O Be7 10. Kb1 O-O 11. g4 Nxe4 12. Qxe4 a5 13. a4 Nc5 14. Qf3 Qd5 15. Bg2 Qxf3 16. Bxf3 Rad8 17. d4 Na6 18. h4 Rd7 19. Rde1 Rfd8 20. g5 c5 21. dxc5 Bxc5 22. Rh2 b6 23. Be5 Rd2 24. Bc3 Rxf2 25. Rxf2 Bxf2 26. Re4 Nc5 27. Rc4 Bg3 28. h5 e5 29. g6 hxg6 30. hxg6 f6 31. b4 Nxa4 32. bxa5 Nxc3+ 33. Rxc3 bxa5 34. Rc7 Bf4 35. Bd5+ Kf8 36. Rf7+ Ke8 37. Bc6+ 1-0


[Site "https://www.chess.com"]

[Event "Titled Tuesday Blitz May 10 Early 2022"]
[White "Needleman, Alejandro"]
[Black "Omariev, Maksim"]
[WhiteFideId "100730"]
[BlackFideId "4193423"]
[WhiteElo "2351"]
[BlackElo "2521"]
[Result "0-1"]
[Round "02"]
[TimeControl "180+1"]
[Date "2022.05.11"]
[WhiteClock "0:00:03"]
[BlackClock "0:00:13"]

1. e4 c5 2. Nf3 d6 3. Bc4 e6 4. O-O a6 5. Bb3 b5 6. c3 Bb7 7. Re1 Nf6 8. Bc2 c4 9. b3 Nbd7 10. bxc4 bxc4 11. Na3 Rc8 12. Rb1 Ba8 13. Qe2 Qc7 14. d4 Be7 15. d5 exd5 16. exd5 Nxd5 17. Nd4 O-O 18. Nf5 Bf6 19. Bh6 Ne5 20. f4 Ng6 21. Bg5 Bxg5 22. fxg5 Nxc3 23. Qf2 Nxb1 24. Nxb1 Qc5 25. Re3 Rce8 26. h4 Rxe3 27. Nxe3 Nxh4 28. Bxh7+ Kxh7 29. Qxh4+ Kg8 30. Qf2 Re8 31. Ng4 Re1+ 32. Kh2 Qxf2 33. Nxf2 Rxb1 0-1


[Site "https://www.chess.com"]

[Event "Titled Tuesday Blitz May 10 Early 2022"]
[White "Nenezic, Marko"]
[Black "Nakamura, Hikaru"]
[WhiteFideId "912123"]
[BlackFideId "2016192"]
[WhiteElo "2457"]
[BlackElo "2850"]
[Result "1-0"]
[Round "02"]
[TimeControl "180+1"]
[Date "2022.05.10"]
[WhiteClock "0:00:06"]
[BlackClock "0:00:52"]

1. d4 g6 2. c4 Bg7 3. e4 d6 4. Nf3 Nd7 5. Nc3 c5 6. Be2 b6 7. O-O Bb7 8. d5 Ngf6 9. h3 O-O 10. Bg5 a6 11. Qd2 b5 12. cxb5 Nb6 13. Bh6 axb5 14. Bxb5 Ba6 15. Bxg7 Kxg7 16. Bxa6 Rxa6 17. b3 Nbd7 18. a4 Qa5 19. Qc2 Rb8 20. Rab1 Rb4 21. Nd2 Nb6 22. Rfe1 Nfd7 23. Na2 Rxa4 24. bxa4 Nxa4 25. Nc4 Qc7 26. Nc3 Nab6 27. Nb5 Qd8 28. Ra1 Rxa1 29. Rxa1 Nxc4 30. Qxc4 Qb6 31. f4 Nf6 32. Kh2 Nh5 33. e5 Qb8 34. Re1 Kg8 35. g4 Ng7 36. exd6 exd6 37. Qa4 h5 38. Qa6 c4 39. Qc6 Qd8 40. Kg3 h4+ 41. Kf2 Qa5 42. Qxc4 Qd2+ 43. Re2 Qd1 44. Qe4 Qb3 45. Nxd6 Qg3+ 46. Kf1 Qxh3+ 47. Ke1 Qg3+ 48. Kd2 Qxg4 49. Qe7 Qxf4+ 50. Re3 Kh7 51. Kd3 Qf1+ 52. Kd2 Qf4 53. Nxf7 Nf5 54. Qe5 Qb4+ 55. Qc3 Qb8 56. Re5 Qf8 57. Ng5+ Kh6 58. Nf3 Qb8 59. Rxf5 gxf5 60. Qf6+ Kh7 61. Ng5+ Kg8 62. Qg6+ 1-0


[Site "https://www.chess.com"]

[Event "Titled Tuesday Blitz May 10 Early 2022"]
[White "Nguyen, Hong Anh"]
[Black "Dorokhin, Mykhailo"]
[WhiteFideId "12406732"]
[BlackFideId "14114178"]
[WhiteElo "2016"]
[BlackElo "2280"]
[Result "0-1"]
[Round "02"]
[TimeControl "180+1"]
[Date "2022.05.11"]
[WhiteClock "0:00:11"]
[BlackClock "0:00:54"]

1. d4 d5 2. c4 e6 3. Nf3 Nf6 4. g3 Ne4 5. Bg2 f5 6. O-O c6 7. Nc3 Be7 8. Bf4 O-O 9. Rc1 Bd7 10. Qb3 Qb6 11. Qc2 Be8 12. cxd5 exd5 13. Ne5 Nd7 14. Rfd1 g5 15. Nxd7 Bxd7 16. Be5 Rae8 17. a3 Bf6 18. Nxe4 fxe4 19. Bd6 Bxd4 20. e3 Rxf2 21. Rxd4 Rxc2 22. Rxc2 Bg4 23. Rf2 Qb3 24. Rb4 Qd1+ 25. Bf1 b6 26. Rd4 Qe1 27. b4 Re6 28. Bb8 Qxe3 29. Rd2 d4 30. b5 d3 31. bxc6 Rxc6 32. h3 Bf3 33. Kh2 Rc1 34. Kg1 Qc5 0-1


[Site "https://www.chess.com"]

[Event "Titled Tuesday Blitz May 10 Early 2022"]
[White "Nguyen Hong Nhung"]
[Black "Przybylski, Wojciech"]
[WhiteFideId "12412201"]
[BlackFideId "1117599"]
[WhiteElo "1758"]
[BlackElo "2133"]
[Result "0-1"]
[Round "02"]
[TimeControl "180+1"]
[Date "2022.05.11"]
[WhiteClock "0:00:11"]
[BlackClock "0:00:07"]

1. e4 c5 2. Nc3 d6 3. f4 f5 4. Bb5+ Nc6 5. d3 a6 6. Bc4 Nf6 7. a4 fxe4 8. dxe4 Bg4 9. Nge2 Nd4 10. Be3 b5 11. axb5 axb5 12. Rxa8 Qxa8 13. Nxb5 Qxe4 14. Bxd4 cxd4 15. Nxd4 Qxg2 16. Rg1 Qxg1+ 17. Nxg1 Bxd1 18. Kxd1 d5 19. Bb5+ Kf7 20. Ngf3 e6 21. Ng5+ Kg6 22. Bd3+ Ne4 23. Ndxe6 Bd6 24. Nxe4 dxe4 25. Bxe4+ Kf6 26. f5 g6 27. Nd4 Be5 28. Nf3 gxf5 29. Bd3 Bxb2 30. Ke2 Re8+ 31. Kf2 Bc3 32. Kg3 Rg8+ 33. Kf2 Rg4 34. h3 Ra4 35. Kg3 h6 36. Ng1 Be5+ 37. Kf3 Rf4+ 38. Kg2 Rb4 39. Nf3 Ra4 40. c4 Bd6 41. Nd4 Ra2+ 42. Kf3 f4 43. Be4 Ra3+ 44. Kg4 Rg3+ 45. Kh4 Be7 46. Kh5 Ke5 47. Nf5 Rxh3+ 48. Kg4 Rh2 49. Nxe7 Re2 50. Bf3 Re1 51. Ng6+ Kd4 52. Nxf4 Kxc4 53. Ng2 Rg1 54. Kh3 Rf1 55. Bg4 Kd4 56. Kh4 Rh1+ 57. Kg3 Ke4 58. Nh4 Ke5 59. Nf3+ Kf6 60. Bh3 h5 61. Bg2 Rd1 62. Kh4 Kg6 63. Ne5+ Kh6 64. Bf3 Rd4+ 65. Kg3 Ra4 66. Nd3 Kg5 67. Nf4 h4+ 68. Kh3 Rxf4 69. Bg2 Rf6 70. Kh2 Rb6 71. Kh3 Rb3+ 72. Kh2 Kg4 73. Bf1 h3 74. Be2+ Kh4 75. Bf1 Rb2+ 76. Kh1 Kg3 77. Kg1 Rb1 78. Kh1 Rxf1# 0-1


[Site "https://www.chess.com"]

[Event "Titled Tuesday Blitz May 10 Early 2022"]
[White "Niemann, Hans Moke"]
[Black "Samant Aditya S"]
[WhiteFideId "2093596"]
[BlackFideId "35080580"]
[WhiteElo "2632"]
[BlackElo "1916"]
[Result "1-0"]
[Round "02"]
[TimeControl "180+1"]
[Date "2022.05.10"]
[WhiteClock "0:01:08"]
[BlackClock "0:00:03"]

1. d4 Nf6 2. Nc3 d5 3. Bf4 c5 4. e4 Nxe4 5. Nxe4 dxe4 6. dxc5 Qa5+ 7. c3 Qxc5 8. Qa4+ Nc6 9. Qxe4 Bf5 10. Qa4 e6 11. Be3 Qa5 12. Qxa5 Nxa5 13. Bb5+ Nc6 14. Nf3 Be4 15. O-O-O a6 16. Ba4 b5 17. Bc2 Bxc2 18. Kxc2 Rd8 19. Bb6 Rxd1 20. Rxd1 Be7 21. Nd4 Ne5 22. Bc7 Ng4 23. Bg3 Nf6 24. Nc6 Nd5 25. Nb8 O-O 26. Nxa6 Ra8 27. Nc7 Nxc7 28. Bxc7 Rxa2 29. Bd8 Kf8 30. Rd7 Bc5 31. Bh4 f6 32. Rb7 b4 33. Kb3 Ra1 34. cxb4 Bd4 35. b5 Rb1 36. Kc4 e5 37. Kd5 Rc1 38. Ke6 Rc8 39. b3 Re8+ 40. Kf5 Rd8 41. f3 Rd6 42. Be1 g6+ 43. Kg4 f5+ 44. Kh3 Rb6 45. Bb4+ Kg8 46. Rxb6 Bxb6 47. Bd6 e4 48. fxe4 fxe4 49. Kg3 Kf7 50. b4 Ke6 51. Bc5 Bc7+ 52. Kf2 Kd5 53. g3 Be5 54. Ke3 g5 55. b6 h5 56. b7 Bb8 57. Be7 h4 58. gxh4 gxh4 59. h3 Ba7+ 60. Bc5 Bb8 61. Bd4 Bc7 62. Ba7 Kc4 63. Kxe4 Kxb4 64. b8=Q+ Bxb8 65. Bxb8 Kc5 66. Ke5 1-0


[Site "https://www.chess.com"]